[Event "FIDE World Rapid-ch Open 2018"]
[White "Artemiev, Vladislav"]
[Black "Korobov, Anton"]
[Site "St. Petersburg"]
[Round "9.2"]
[Annotator "ChessBase"]
[Result "1-0"]
[Date "2018.12.27"]
[WhiteElo "2709"]
[BlackElo "2698"]
[PlyCount "97"]
[TimeControl "900+10"]

1. c4 c6 2. e4 d5 3. exd5 Nf6 4. Nc3 cxd5 5. d4 e6 6. Nf3 Bb4 7. cxd5 exd5 8. Bd3 0-0 9. 0-0 h6 10. Ne5 Nc6 11. Nxc6 bxc6 12. Bf4 Re8 13. Rc1 Bd6 14. Bg3 Rb8 15. Na4 Bxg3 16. hxg3 Qd6 17. a3 Bd7 18. b4 Ne4 19. Nc5 Nxc5 20. Rxc5 Qf6 21. Qd2 g5 22. Ra5 Rb7 23. Qc3 Kg7 24. Ra6 h5 25. b5 Re6 26. bxc6 Rxc6 27. Rxc6 Bxc6 28. Re1 Bb5 29. Bc2 Re7 30. Re5 Rxe5 31. dxe5 Qc6 32. Qd2 f6 33. exf6+ Kxf6 34. Qd4+ Kf7 35. Qxa7+ Ke6 36. Bg6 Kd6 37. Qe3 Qc4 38. Bxh5 d4 39. Qxg5 d3 40. Bf3 Ba4 41. Qf6+ Kd7 42. Qg7+ Kd6 43. Qh6+ Kd7 44. Qe3 Bc2 45. g4 Qc3 46. g5 Qxa3 47. g6 Qa1+ 48. Kh2 Qf6 49. g7 1-0

[Event "FIDE World Rapid-ch Open 2018"]
[White "Andreikin, Dmitry"]
[Black "Wang, Hao"]
[Site "St. Petersburg"]
[Round "9.3"]
[Annotator "RC"]
[Result "0-1"]
[Date "2018.12.27"]
[WhiteElo "2719"]
[BlackElo "2730"]
[PlyCount "114"]
[TimeControl "900+10"]

1. Nf3 d5 2. e3 Nf6 3. c4 e6 4. d4 b6 5. Bd3 Bd6 6. 0-0 0-0 7. Nc3 Bb7 8. Qe2 Nbd7 9. e4 dxe4 10. Nxe4 Nxe4 11. Bxe4 Bxe4 12. Qxe4 h6 13. Rd1 Qe7 14. b3 Nf6 15. Qe2 a5 16. a4 Rfd8 17. Bb2 c6 18. Ne5 Bxe5 19. Qxe5 Qd6 20. Qe2 Qf4 21. Rd3 b5 22. Rf3 Qe4 23. Re3 Qf4 24. Bc3 bxc4 25. bxc4 Qg4 26. Qc2 c5 27. h3 Qh4 28. dxc5 Qxc4 29. Qe2 Qxc5 30. Bxf6 gxf6 31. Rb1 Rab8 32. Rg3+ Kf8 33. Rxb8 Rxb8 34. Qd2 Ke7 35. Kh2 h5 36. Rd3 Qc7+ 37. f4 Rb4 38. Rd4 Rxd4 39. Qxd4 h4 40. Qf2 Qc3 41. Qxh4 Qd4 42. Qg3 Qxa4 43. h4 Qb5 44. Qa3+ Qb4 45. Qe3 Kf8 46. Qg3 Qc5 47. Qg4 a4 48. h5 Qf5 49. Qf3 Kg7 50. g4 Qc2+ 51. Kg1 Qb1+ 52. Kf2 Qb2+ 53. Ke1 a3 54. h6+ Kh7 55. Qd3+ Kxh6 56. g5+ fxg5 57. fxg5+ Kg7 0-1

[Event "FIDE World Rapid-ch Open 2018"]
[White "Mamedyarov, Shakhriyar"]
[Black "Giri, Anish"]
[Site "St. Petersburg"]
[Round "9.4"]
[Annotator "RC"]
[Result "1/2-1/2"]
[Date "2018.12.27"]
[WhiteElo "2817"]
[BlackElo "2783"]
[PlyCount "47"]
[TimeControl "900+10"]

1. d4 Nf6 2. c4 e6 3. Nf3 d5 4. Bg5 Be7 5. e3 h6 6. Bxf6 Bxf6 7. Qc2 0-0 8. Nc3 dxc4 9. 0-0-0 c5 10. dxc5 Qa5 11. Ne4 Qxa2 12. Nxf6+ gxf6 13. Bxc4 Qa1+ 14. Kd2 Qa5+ 15. Ke2 Qxc5 16. Qe4 Bd7 17. Bd3 f5 18. Qf4 Bb5 19. Qxh6 Qc2+ 20. Ke1 Bxd3 21. Nd4 Qc4 22. Qg5+ Kh7 23. Qh5+ Kg7 24. Qg5+ 1/2-1/2

[Event "FIDE World Rapid-ch Open 2018"]
[White "Nepomniachtchi, Ian"]
[Black "Saric, Ivan"]
[Site "St. Petersburg"]
[Round "9.5"]
[Annotator "RC"]
[Result "1-0"]
[Date "2018.12.27"]
[WhiteElo "2763"]
[BlackElo "2695"]
[PlyCount "61"]
[TimeControl "900+10"]

1. c4 c6 2. Nf3 d5 3. e3 Nf6 4. Nc3 e6 5. b3 Bd6 6. Bb2 0-0 7. Be2 Nbd7 8. Rc1 a6 9. d4 Re8 10. 0-0 e5 11. dxe5 Nxe5 12. cxd5 c5 13. Nxe5 Bxe5 14. Bf3 Qd6 15. h3 b5 16. Qc2 Bb7 17. Rfd1 Rad8 18. Ne2 Bxb2 19. Qxb2 Qb6 20. Nf4 Rd6 21. Qc3 g5 22. Ne6 fxe6 23. Qxf6 exd5 24. Qxg5+ Kh8 25. Qh5 Red8 26. Qe5+ Kg8 27. Rd2 Re6 28. Qc3 b4 29. Qc2 Qd6 30. Bg4 Rg6 31. Qxc5 1-0

[Event "FIDE World Rapid-ch Open 2018"]
[White "Sjugirov, Sanan"]
[Black "Yu, Yangyi"]
[Site "St. Petersburg"]
[Round "9.6"]
[Annotator "RC"]
[Result "0-1"]
[Date "2018.12.27"]
[WhiteElo "2663"]
[BlackElo "2764"]
[PlyCount "116"]
[TimeControl "900+10"]

1. d4 Nf6 2. c4 e6 3. Nc3 Bb4 4. Qc2 d5 5. cxd5 exd5 6. Bg5 h6 7. Bh4 Nc6 8. e3 g5 9. Bg3 h5 10. Bb5 h4 11. Be5 Rh6 12. h3 Ne4 13. Nge2 Bf5 14. Qb3 Bxc3+ 15. Nxc3 Nxc3 16. bxc3 Qd7 17. Bh2 0-0-0 18. Qa4 Rg8 19. f3 a6 20. Be2 Re8 21. Bg1 Rhe6 22. Bf2 Qe7 23. 0-0 Qd7 24. Rfd1 Rxe3 25. Bxe3 Rxe3 26. Bf1 Rxc3 27. Rac1 Rxc1 28. Rxc1 Qe7 29. Kf2 Qf6 30. Bxa6 Qxd4+ 31. Qxd4 Nxd4 32. Bf1 b6 33. g3 c5 34. f4 f6 35. fxg5 fxg5 36. gxh4 gxh4 37. Rc3 Kd7 38. Ra3 c4 39. Ra8 c3 40. Ke3 Ne6 41. Ke2 d4 42. Kd1 Kd6 43. Rh8 Ke5 44. Rxh4 Nf4 45. Rh8 d3 46. Re8+ Kd4 47. Rd8+ Ke3 48. Bxd3 Bxd3 49. Re8+ Be4 50. Rc8 Kd3 51. h4 Bf3+ 52. Kc1 Ne2+ 53. Kb1 Be4 54. h5 Kd2+ 55. Ka1 c2 56. Kb2 c1=Q+ 57. Rxc1 Nxc1 58. h6 Nxa2 0-1

[Event "FIDE World Rapid-ch Open 2018"]
[White "Dubov, Daniil"]
[Black "Svidler, Peter"]
[Site "St. Petersburg"]
[Round "9.7"]
[Annotator "RC"]
[Result "1/2-1/2"]
[Date "2018.12.27"]
[WhiteElo "2703"]
[BlackElo "2737"]
[PlyCount "37"]
[TimeControl "900+10"]

1. d4 Nf6 2. Nf3 g6 3. Nbd2 Bg7 4. e4 d6 5. Bb5+ c6 6. Bd3 0-0 7. 0-0 c5 8. d5 e6 9. c4 Re8 10. Rb1 Na6 11. a3 exd5 12. exd5 Nc7 13. b3 b5 14. Qc2 Rb8 15. Bb2 Bd7 16. Bc3 Na8 17. Rfe1 Nb6 18. Rxe8+ Bxe8 19. Qc1 1/2-1/2

[Event "FIDE World Rapid-ch Open 2018"]
[White "Kamsky, Gata"]
[Black "Firouzja, Alireza"]
[Site "St. Petersburg"]
[Round "9.8"]
[Annotator "ChessBase"]
[Result "1/2-1/2"]
[Date "2018.12.27"]
[WhiteElo "2666"]
[BlackElo "2607"]
[PlyCount "78"]
[TimeControl "900+10"]

1. d4 Nf6 2. Nf3 g6 3. c3 Bg7 4. Bf4 0-0 5. Nbd2 d6 6. h3 c5 7. dxc5 dxc5 8. e4 Nc6 9. Be2 Nh5 10. Bh2 Bh6 11. g4 Bxd2+ 12. Qxd2 Qxd2+ 13. Nxd2 Ng7 14. Nc4 Be6 15. 0-0-0 f5 16. exf5 gxf5 17. f3 Rad8 18. Bg3 f4 19. Bf2 b6 20. a4 Kh8 21. Rhe1 Bd5 22. b3 Ne6 23. h4 Kg7 24. Kc2 h6 25. Rd2 Kf6 26. Red1 Nc7 27. Na3 Be6 28. Rxd8 Rxd8 29. Rxd8 Nxd8 30. b4 Bd7 31. a5 cxb4 32. cxb4 bxa5 33. bxa5 Nc6 34. Kd2 Nxa5 35. Bxa7 Nc6 36. Bf2 e5 37. Nb5 Nxb5 38. Bxb5 Nb8 39. Ba7 Bxb5 1/2-1/2

[Event "FIDE World Rapid-ch Open 2018"]
[White "Guseinov, Gadir"]
[Black "Timofeev, Artyom"]
[Site "St. Petersburg"]
[Round "9.9"]
[Annotator "ChessBase"]
[Result "1/2-1/2"]
[Date "2018.12.27"]
[WhiteElo "2664"]
[BlackElo "2589"]
[PlyCount "102"]
[TimeControl "900+10"]

1. e4 e5 2. Nf3 Nf6 3. d4 Nxe4 4. Bd3 d5 5. Nxe5 Be7 6. 0-0 0-0 7. c4 Nf6 8. Nc3 Be6 9. c5 c6 10. Bf4 Nbd7 11. b4 Nxe5 12. Bxe5 Nd7 13. Bf4 Bf6 14. Bc2 Re8 15. Qd2 Nf8 16. b5 Bd7 17. Rab1 Ne6 18. Be3 g6 19. bxc6 Bxc6 20. Rfd1 b6 21. cxb6 axb6 22. a4 Qc7 23. Bb3 Red8 24. h3 h5 25. Qa2 Qd7 26. Qd2 Qc7 27. Qe2 Bg7 28. Qf3 Ra5 29. Qe2 Raa8 30. Qb2 Qd6 31. Bc2 Rdb8 32. Nb5 Qd7 33. Qb4 Bf8 34. Qd2 Bg7 35. Qb4 Bf8 36. Qb3 Bg7 37. Nc3 Qd6 38. Qb4 Qd7 39. Qb2 Qd6 40. Bb3 Ra5 41. Qd2 Rb7 42. Bc2 Qd7 43. Rb2 Bf6 44. Rdb1 Qd8 45. Ra2 Qd7 46. Bd1 Kg7 47. Rab2 Qd8 48. Bh6+ Kh7 49. Be3 Kg7 50. Bh6+ Kh7 51. Be3 Kg7 1/2-1/2

[Event "FIDE World Rapid-ch Open 2018"]
[White "Gelfand, Boris"]
[Black "Alekseev, Evgeny"]
[Site "St. Petersburg"]
[Round "9.10"]
[Annotator "ChessBase"]
[Result "1-0"]
[Date "2018.12.27"]
[WhiteElo "2673"]
[BlackElo "2639"]
[PlyCount "64"]
[TimeControl "900+10"]

1. d4 e6 2. e4 d5 3. exd5 exd5 4. Nf3 Nc6 5. Bb5 Bd6 6. c4 dxc4 7. d5 a6 8. Ba4 b5 9. dxc6 bxa4 10. 0-0 Ne7 11. Qxa4 0-0 12. Nbd2 Rb8 13. a3 c3 14. bxc3 Qe8 15. Nd4 Bb7 16. Re1 Bxc6 17. Qxa6 Ba8 18. Ne4 Be5 19. Qd3 Qd7 20. Ng5 Ng6 21. Rxe5 f6 22. Qf5 Qa4 23. Re1 fxg5 24. Qxg5 Rf6 25. f3 Rbf8 26. Qc5 h6 27. Qxc7 Qa6 28. Qg3 Qd3 29. Be3 Ne7 30. Bxh6 Rxh6 31. Rxe7 Rg6 32. Qf2 Bxf3 1-0

[Event "FIDE World Rapid-ch Open 2018"]
[White "Alekseenko, Kirill"]
[Black "Oparin, Grigoriy"]
[Site "St. Petersburg"]
[Round "9.11"]
[Annotator "ChessBase"]
[Result "0-1"]
[Date "2018.12.27"]
[WhiteElo "2638"]
[BlackElo "2613"]
[PlyCount "70"]
[TimeControl "900+10"]

1. e4 c6 2. d4 d5 3. exd5 cxd5 4. Bd3 Nf6 5. h3 Nc6 6. c3 g6 7. Nf3 Qc7 8. 0-0 Bf5 9. Re1 Bg7 10. Bxf5 gxf5 11. Ne5 Ne4 12. Nd3 e6 13. f3 Nd6 14. Bf4 Rg8 15. Na3 Qe7 16. Nc5 Bf6 17. Qa4 Bh4 18. Re2 0-0-0 19. b4 Bg3 20. Bd2 Qc7 21. Rc1 Kb8 22. Be3 Ka8 23. c4 dxc4 24. Nxc4 b5 25. Na6 Qb7 26. Nxd6 Rxd6 27. Qxb5 Nxd4 28. Bxd4 Rxd4 29. Qa4 Rgd8 30. Nc5 Qb6 31. Qc2 Qd6 32. Rf2 Bxf2+ 33. Qxf2 Rd2 34. Qh4 Rg8 35. g4 Qh2+ 0-1

[Event "FIDE World Rapid-ch Open 2018"]
[White "Potkin, Vladimir"]
[Black "Motylev, Alexander"]
[Site "St. Petersburg"]
[Round "9.12"]
[Annotator "ChessBase"]
[Result "1/2-1/2"]
[Date "2018.12.27"]
[WhiteElo "2597"]
[BlackElo "2644"]
[PlyCount "27"]
[TimeControl "900+10"]

1. e4 e5 2. Nf3 Nc6 3. Bc4 Nf6 4. d3 Bc5 5. c3 d6 6. a4 a6 7. 0-0 Ba7 8. Nbd2 h6 9. b4 Ne7 10. Re1 Ng6 11. Nf1 0-0 12. Ng3 c6 13. Bb3 Re8 14. d4 1/2-1/2

[Event "FIDE World Rapid-ch Open 2018"]
[White "Predke, Alexandr"]
[Black "Matlakov, Maxim"]
[Site "St. Petersburg"]
[Round "9.13"]
[Annotator "ChessBase"]
[Result "0-1"]
[Date "2018.12.27"]
[WhiteElo "2622"]
[BlackElo "2700"]
[PlyCount "108"]
[TimeControl "900+10"]

1. e4 e5 2. Nc3 Nf6 3. g3 Bc5 4. Bg2 c6 5. Nge2 d5 6. exd5 cxd5 7. d4 exd4 8. Nxd4 0-0 9. 0-0 Bg4 10. Qd3 Bxd4 11. Qxd4 Nc6 12. Qf4 Qd7 13. Re1 Rfe8 14. Bd2 Bf5 15. Nb5 Bxc2 16. Bc3 Ne4 17. Rac1 Nxc3 18. bxc3 Rxe1+ 19. Rxe1 Rd8 20. h4 h6 21. Kh2 Qf5 22. Qxf5 Bxf5 23. Rd1 Be6 24. Nc7 Kf8 25. Nxd5 Ne5 26. Rd4 Nc6 27. Rd1 b6 28. a3 Na5 29. Rd4 Nb3 30. Rb4 Bxd5 31. Bxd5 Rxd5 32. Rxb3 Ke7 33. Rb4 Rc5 34. Ra4 a5 35. Re4+ Kd6 36. c4 Re5 37. Rf4 f6 38. Rd4+ Kc5 39. Rd7 Kxc4 40. Rxg7 Kb3 41. Rg6 b5 42. Rxf6 Kxa3 43. f4 Re2+ 44. Kh3 b4 45. Rxh6 b3 46. Rb6 b2 47. h5 Re1 48. f5 b1=Q 49. Rxb1 Rxb1 50. g4 a4 51. f6 Kb4 52. h6 a3 53. f7 Rf1 54. h7 a2 0-1

[Event "FIDE World Rapid-ch Open 2018"]
[White "Duda, Jan-Krzysztof"]
[Black "Khanin, Semen"]
[Site "St. Petersburg"]
[Round "9.14"]
[Annotator "RC"]
[Result "1/2-1/2"]
[Date "2018.12.27"]
[WhiteElo "2738"]
[BlackElo "2514"]
[PlyCount "53"]
[TimeControl "900+10"]

1. d4 Nf6 2. Nf3 g6 3. Bg5 Bg7 4. Nbd2 0-0 5. c3 d6 6. e4 c5 7. dxc5 dxc5 8. Bc4 Nc6 9. Qe2 h6 10. Bxf6 exf6 11. 0-0-0 Qc7 12. Qe3 f5 13. Qxc5 b6 14. Qe3 Re8 15. Bd5 Ba6 16. Kb1 f4 17. Qe1 Bd3+ 18. Ka1 Nb4 19. cxb4 Bxb2+ 20. Kxb2 Qc2+ 21. Ka3 a5 22. b5 Qc5+ 23. Kb2 Qc2+ 24. Ka3 Qc5+ 25. Kb2 Qc2+ 26. Ka3 Qc5+ 27. Kb2 1/2-1/2

[Event "FIDE World Rapid-ch Open 2018"]
[White "Bazeev, German"]
[Black "Salem, A.R. Saleh"]
[Site "St. Petersburg"]
[Round "9.15"]
[Annotator "ChessBase"]
[Result "0-1"]
[Date "2018.12.27"]
[WhiteElo "2416"]
[BlackElo "2660"]
[PlyCount "70"]
[TimeControl "900+10"]

1. d4 Nf6 2. Nf3 g6 3. c4 Bg7 4. Nc3 d5 5. cxd5 Nxd5 6. Qa4+ Bd7 7. Qa3 Nxc3 8. bxc3 0-0 9. h4 Bg4 10. h5 Bxh5 11. Ne5 c5 12. Qxc5 Nd7 13. Nxd7 Qxd7 14. e3 Rfc8 15. Qb4 e5 16. Bd2 Bg4 17. Bb5 Qd8 18. Bd3 h5 19. 0-0 Rc7 20. f3 Be6 21. Rfd1 Rac8 22. Bf1 b6 23. Ba6 Rb8 24. e4 b5 25. d5 Rc4 26. Qa3 Qb6+ 27. Kf1 Bd7 28. Qe7 Be8 29. d6 Bf8 30. Qxe5 Bxd6 31. Qf6 Bf8 32. Qe5 Bg7 33. Qf4 Rd8 34. Be3 Rxd1+ 35. Rxd1 Qxa6 0-1

[Event "FIDE World Rapid-ch Open 2018"]
[White "Goganov, Aleksey"]
[Black "Zhigalko, Sergei"]
[Site "St. Petersburg"]
[Round "9.16"]
[Annotator "ChessBase"]
[Result "1/2-1/2"]
[Date "2018.12.27"]
[WhiteElo "2612"]
[BlackElo "2604"]
[PlyCount "38"]
[TimeControl "900+10"]

1. d4 Nf6 2. c4 e6 3. Nf3 b6 4. g3 Ba6 5. Qb3 Nc6 6. Nbd2 Na5 7. Qc3 d5 8. c5 Rc8 9. b4 Nc4 10. Nxc4 dxc4 11. Bg5 Be7 12. Bxf6 Bxf6 13. Bg2 Bb7 14. Qxc4 Bxf3 15. Bxf3 Qxd4 16. Qb5+ Ke7 17. 0-0 Rhd8 18. Rad1 Qe5 19. Qa6 bxc5 1/2-1/2

[Event "FIDE World Rapid-ch Open 2018"]
[White "Nakamura, Hikaru"]
[Black "Bocharov, Ivan"]
[Site "St. Petersburg"]
[Round "9.17"]
[Annotator "RC"]
[Result "1-0"]
[Date "2018.12.27"]
[WhiteElo "2746"]
[BlackElo "2563"]
[PlyCount "119"]
[TimeControl "900+10"]

1. d4 d5 2. c4 c6 3. Nf3 Nf6 4. e3 Bf5 5. Nc3 a6 6. Bd3 Bg6 7. 0-0 e6 8. Re1 Nbd7 9. e4 dxe4 10. Nxe4 Nxe4 11. Bxe4 Bxe4 12. Rxe4 Nf6 13. Re2 Be7 14. Bf4 0-0 15. Qb3 b5 16. Rc1 Qd7 17. Ne5 Qxd4 18. Qf3 Rac8 19. g3 Qb6 20. Bg5 Rfd8 21. cxb5 Qxb5 22. Bxf6 Bxf6 23. Nxc6 Re8 24. b3 Qd5 25. Qxd5 exd5 26. Rxe8+ Rxe8 27. Nb4 d4 28. Nxa6 d3 29. Rd1 Ra8 30. Nb4 d2 31. Kf1 Kf8 32. Ke2 Be7 33. Nc6 Rxa2 34. Rxd2 Rxd2+ 35. Kxd2 Bc5 36. f3 Ke8 37. Kd3 Kd7 38. Nd4 g6 39. Kc4 Kd6 40. Nb5+ Kc6 41. Nc3 f5 42. Ne2 Bf2 43. b4 Kd6 44. Kd3 h5 45. h3 h4 46. g4 fxg4 47. fxg4 Ke5 48. b5 g5 49. Kc4 Ke4 50. Nc3+ Kf3 51. Kd5 Ba7 52. Ne4 Kf4 53. Nd6 Kg3 54. Ke4 Bc5 55. Nf7 Kxh3 56. Kf3 Kh2 57. Nxg5 Bb6 58. Ne6 Kg1 59. Nf4 Bd8 60. g5 1-0

[Event "FIDE World Rapid-ch Open 2018"]
[White "Karjakin, Sergey"]
[Black "Savchenko, Boris"]
[Site "St. Petersburg"]
[Round "9.18"]
[Annotator "RC"]
[Result "1-0"]
[Date "2018.12.27"]
[WhiteElo "2753"]
[BlackElo "2562"]
[PlyCount "55"]
[TimeControl "900+10"]

1. e4 c5 2. Nf3 g6 3. d4 cxd4 4. Nxd4 Nc6 5. c4 d6 6. Nc3 Bg7 7. Be3 Qb6 8. Ndb5 Bxc3+ 9. Nxc3 Qxb2 10. Nb5 Kf8 11. Be2 Qg7 12. 0-0 b6 13. e5 Nxe5 14. Nxd6 Be6 15. f4 Rd8 16. Nf5 Rxd1 17. Raxd1 Nc6 18. Nxg7 Kxg7 19. Bf3 Nb4 20. Bd4+ f6 21. c5 bxc5 22. Bxc5 Nxa2 23. Rfe1 Bf7 24. Rd7 Nc3 25. Bxe7 h5 26. Rxa7 Nd5 27. Bd6 Nb6 28. Bc5 1-0

[Event "FIDE World Rapid-ch Open 2018"]
[White "Harikrishna, Pentala"]
[Black "Esipenko, Andrey"]
[Site "St. Petersburg"]
[Round "9.19"]
[Annotator "RC"]
[Result "1-0"]
[Date "2018.12.27"]
[WhiteElo "2725"]
[BlackElo "2593"]
[PlyCount "61"]
[TimeControl "900+10"]

1. e4 c6 2. d4 d5 3. e5 Bf5 4. Nf3 e6 5. Be2 c5 6. Be3 cxd4 7. Nxd4 Ne7 8. 0-0 Nbc6 9. Bb5 a6 10. Bxc6+ Nxc6 11. Nxf5 exf5 12. c3 Nxe5 13. Re1 Be7 14. Bd4 f6 15. Bxe5 fxe5 16. Rxe5 0-0 17. Qb3 Kh8 18. Rxd5 Qc7 19. Nd2 Rae8 20. Nf3 Bc5 21. Qc2 g6 22. Qd2 Rf7 23. Re1 Rxe1+ 24. Qxe1 Re7 25. Qd2 b5 26. h4 Kg7 27. h5 Bb6 28. Rd6 Bc5 29. Rd8 Qc6 30. h6+ Kf6 31. b4 1-0

[Event "FIDE World Rapid-ch Open 2018"]
[White "Anand, Viswanathan"]
[Black "Mchedlishvili, Mikheil"]
[Site "St. Petersburg"]
[Round "9.20"]
[Annotator "ChessBase"]
[Result "1-0"]
[Date "2018.12.27"]
[WhiteElo "2773"]
[BlackElo "2610"]
[PlyCount "83"]
[TimeControl "900+10"]

1. e4 c6 2. d4 d5 3. e5 Bf5 4. Nf3 e6 5. Be2 Ne7 6. c3 Bg6 7. h4 h6 8. h5 Bh7 9. a4 Nd7 10. a5 a6 11. b4 Nc8 12. Nbd2 Na7 13. Nb3 Nb5 14. Bd2 Be7 15. Qc1 f6 16. Bf4 0-0 17. exf6 Nxf6 18. Qe3 Ne4 19. Bxb5 axb5 20. Nc5 Bxc5 21. dxc5 e5 22. Bxe5 Qd7 23. Rh4 Rae8 24. Rf4 Rxf4 25. Qxf4 Nxc3 26. Qd4 Ne4 27. Kf1 Ra8 28. Kg1 Qf7 29. Ra3 Bf5 30. Qb2 Kh7 31. Nd4 Re8 32. Ne2 Qe7 33. Bd4 Qg5 34. Re3 Qxh5 35. f3 Ng5 36. Ng3 Qg6 37. Rxe8 Qxe8 38. Nxf5 Qe1+ 39. Kh2 Ne6 40. Bc3 Qd1 41. Qd2 Qb1 42. Nd4 1-0

[Event "FIDE World Rapid-ch Open 2018"]
[White "Anton Guijarro, David"]
[Black "Inarkiev, Ernesto"]
[Site "St. Petersburg"]
[Round "9.21"]
[Annotator "ChessBase"]
[Result "1-0"]
[Date "2018.12.27"]
[WhiteElo "2642"]
[BlackElo "2693"]
[PlyCount "116"]
[TimeControl "900+10"]

1. e4 e5 2. Nf3 Nc6 3. Bc4 Nf6 4. Ng5 d5 5. exd5 Na5 6. Bb5+ c6 7. dxc6 bxc6 8. Be2 h6 9. Nh3 Bd6 10. d3 0-0 11. 0-0 Bc7 12. Nd2 Qd6 13. Ne4 Nxe4 14. dxe4 Qg6 15. Qd3 f5 16. Qg3 Qxg3 17. hxg3 fxe4 18. g4 Be6 19. b3 Bb6 20. Be3 Bd4 21. Rac1 Rad8 22. Rfd1 Nb7 23. c3 Bb6 24. Rxd8 Rxd8 25. Rd1 Rd5 26. g5 Kh7 27. gxh6 gxh6 28. c4 Rxd1+ 29. Bxd1 Nc5 30. Bc2 Bf5 31. f3 Bg6 32. f4 Nxb3 33. Bxb6 Na1 34. Bxe4 Bxe4 35. Bxa7 Kg6 36. fxe5 Kf5 37. Bb8 Bb1 38. a4 Ba2 39. g4+ Ke6 40. Nf4+ Kf7 41. c5 Nc2 42. a5 Nb4 43. Kf2 Bc4 44. Kg3 Nd3 45. Nxd3 Bxd3 46. Kh4 Kg6 47. Bc7 Bc4 48. Bd6 Kg7 49. Be7 Kg6 50. Bf8 Kh7 51. e6 Kg6 52. e7 Kf7 53. Kh5 Be2 54. Kxh6 Bxg4 55. a6 Bc8 56. a7 Bb7 57. Kg5 Ba8 58. Kf5 Ke8 1-0

[Event "FIDE World Rapid-ch Open 2018"]
[White "Akopian, Vladimir"]
[Black "Piorun, Kacper"]
[Site "St. Petersburg"]
[Round "9.22"]
[Annotator "ChessBase"]
[Result "1-0"]
[Date "2018.12.27"]
[WhiteElo "2650"]
[BlackElo "2634"]
[PlyCount "67"]
[TimeControl "900+10"]

1. Nf3 d5 2. g3 Nf6 3. Bg2 e6 4. 0-0 Be7 5. c4 0-0 6. b3 d4 7. Bb2 c5 8. e3 Nc6 9. exd4 cxd4 10. Re1 Ne8 11. a3 a5 12. d3 f6 13. Nh4 g5 14. Nf3 e5 15. h4 g4 16. Nh2 f5 17. Nd2 Bf6 18. c5 Be6 19. Nc4 Nc7 20. Bxc6 Bxc4 21. Bxb7 Rb8 22. bxc4 Rxb7 23. Bc1 Ne6 24. c6 Rb6 25. Bh6 Re8 26. f3 Bxh4 27. gxh4 Qxh4 28. Qd2 g3 29. Rxe5 gxh2+ 30. Qxh2 Qf6 31. Kh1 Ng7 32. Bxg7 Qxc6 33. Rxe8+ Qxe8 34. Rg1 1-0

[Event "FIDE World Rapid-ch Open 2018"]
[White "Cheparinov, Ivan"]
[Black "Yuffa, Daniil"]
[Site "St. Petersburg"]
[Round "9.23"]
[Annotator "ChessBase"]
[Result "1-0"]
[Date "2018.12.27"]
[WhiteElo "2709"]
[BlackElo "2572"]
[PlyCount "143"]
[TimeControl "900+10"]

1. Nf3 Nf6 2. c4 g6 3. Nc3 Bg7 4. e4 d6 5. d4 0-0 6. Be2 e5 7. 0-0 Nc6 8. dxe5 dxe5 9. Bg5 Qxd1 10. Rfxd1 Bg4 11. h3 Bxf3 12. Bxf3 Nd4 13. Nd5 Nxd5 14. cxd5 c6 15. Rac1 cxd5 16. exd5 e4 17. Be3 Nf5 18. Bxe4 Nxe3 19. fxe3 Rfe8 20. Bf3 Bxb2 21. Rb1 Ba3 22. d6 Rad8 23. d7 Rxe3 24. Bxb7 Bc5 25. Kf1 Bb6 26. Rb3 Re6 27. Bc8 Kf8 28. Rd5 Re4 29. Rd2 Ke7 30. Re2 Re6 31. a4 Rf8 32. Rb5 Kd8 33. a5 Bd4 34. Rc2 Rf6+ 35. Ke1 Re6+ 36. Kd1 Rd6 37. Kc1 f5 38. Rb8 Ke7 39. Re2+ Kf7 40. Rb7 Rd8 41. Rc7 Rd5 42. a6 Bb6 43. Rc6 f4 44. Rxb6 axb6 45. Ra2 Rc5+ 46. Rc2 Ra5 47. Kb1 Rxa6 48. Bxa6 Rxd7 49. Rc4 g5 50. Kc2 Kf6 51. Rc6+ Ke5 52. Rxb6 Ke4 53. Re6+ Kf5 54. Re8 Kg6 55. Be2 Rc7+ 56. Kd2 Rd7+ 57. Ke1 Rc7 58. Re6+ Kg7 59. Bd3 Rd7 60. Ke2 Ra7 61. Rd6 Re7+ 62. Kf2 Re3 63. Rd7+ Kf6 64. Bxh7 Ra3 65. Bd3 Ra5 66. Be2 Ra3 67. Rd3 Ra5 68. Bg4 Ke5 69. Rb3 Rd5 70. Be2 Kf6 71. Rb6+ Kg7 72. Rb5 1-0

[Event "FIDE World Rapid-ch Open 2018"]
[White "Amonatov, Farrukh"]
[Black "Sakaev, Konstantin"]
[Site "St. Petersburg"]
[Round "9.24"]
[Annotator "ChessBase"]
[Result "1-0"]
[Date "2018.12.27"]
[WhiteElo "2614"]
[BlackElo "2584"]
[PlyCount "81"]
[TimeControl "900+10"]

1. e4 c5 2. Nf3 d6 3. d4 cxd4 4. Nxd4 Nf6 5. Nc3 a6 6. f4 Qc7 7. Bd3 g6 8. Nf3 Nbd7 9. 0-0 Bg7 10. Kh1 0-0 11. Qe1 Nc5 12. Qh4 e6 13. Be3 Nxd3 14. cxd3 Qd8 15. f5 exf5 16. Bg5 h6 17. Bxh6 Ng4 18. Bg5 f6 19. Bd2 g5 20. Qe1 f4 21. Nd5 b6 22. Rc1 Rf7 23. Nd4 Ne5 24. Rc3 Bd7 25. Nf5 Bf8 26. d4 Nc6 27. Qe2 Bxf5 28. exf5 Ne7 29. Qe6 Nxd5 30. Qxd5 Rc8 31. Re1 Rxc3 32. bxc3 Kg7 33. Re6 Qc8 34. h4 gxh4 35. Qf3 Qc4 36. Bxf4 Kg8 37. Re8 Qb5 38. Qg4+ Rg7 39. Rxf8+ Kxf8 40. Bh6 Qd7 41. Kh2 1-0

[Event "FIDE World Rapid-ch Open 2018"]
[White "Grachev, Boris"]
[Black "Bocharov, Dmitry"]
[Site "St. Petersburg"]
[Round "9.25"]
[Annotator "ChessBase"]
[Result "1/2-1/2"]
[Date "2018.12.27"]
[WhiteElo "2626"]
[BlackElo "2533"]
[PlyCount "32"]
[TimeControl "900+10"]

1. Nf3 c5 2. c4 Nc6 3. Nc3 Nf6 4. e3 e5 5. d4 e4 6. Ne5 g6 7. Be2 Bg7 8. 0-0 Qe7 9. b3 Nxe5 10. dxe5 Qxe5 11. Bb2 0-0 12. Qd2 Qg5 13. Qd6 Ne8 14. Qd2 Nf6 15. Qd6 Ne8 16. Qd2 Nf6 1/2-1/2

[Event "FIDE World Rapid-ch Open 2018"]
[White "Zubov, Alexander"]
[Black "Hovhannisyan, Robert"]
[Site "St. Petersburg"]
[Round "9.26"]
[Annotator "ChessBase"]
[Result "1-0"]
[Date "2018.12.27"]
[WhiteElo "2597"]
[BlackElo "2637"]
[PlyCount "93"]
[TimeControl "900+10"]

1. d4 d5 2. c4 c6 3. Nf3 Nf6 4. Qb3 dxc4 5. Qxc4 Bg4 6. Nbd2 Nbd7 7. g3 e6 8. Bg2 Be7 9. Qb3 Qb6 10. Nc4 Qa6 11. a4 0-0 12. 0-0 Nb6 13. Nce5 Bh5 14. Re1 Nbd7 15. Bg5 Nxe5 16. dxe5 Nd5 17. Bxe7 Nxe7 18. Nd4 Qb6 19. e3 Qxb3 20. Nxb3 Rfd8 21. a5 Bg6 22. Rec1 Rab8 23. g4 Bd3 24. f4 h5 25. Kf2 g5 26. Nc5 b6 27. axb6 axb6 28. Nxd3 Rxd3 29. Rc2 Rbd8 30. Ra7 Kf8 31. Be4 Rd2+ 32. Rxd2 Rxd2+ 33. Kg3 Re2 34. Kf3 Rxh2 35. f5 exf5 36. gxf5 Nd5 37. f6 Ke8 38. Bf5 Kd8 39. Rxf7 g4+ 40. Bxg4 Rh1 41. Kf2 Rh2+ 42. Kg3 Rh1 43. Rd7+ Ke8 44. f7+ Kf8 45. e6 Rf1 46. Rd8+ Ke7 47. Re8+ 1-0

[Event "FIDE World Rapid-ch Open 2018"]
[White "Tari, Aryan"]
[Black "Fridman, Daniel"]
[Site "St. Petersburg"]
[Round "9.27"]
[Annotator "ChessBase"]
[Result "1/2-1/2"]
[Date "2018.12.27"]
[WhiteElo "2620"]
[BlackElo "2633"]
[PlyCount "84"]
[TimeControl "900+10"]

1. e4 e5 2. Nf3 Nf6 3. Nxe5 d6 4. Nf3 Nxe4 5. d4 d5 6. Bd3 Nc6 7. 0-0 Bg4 8. c4 Nf6 9. cxd5 Bxf3 10. Qxf3 Qxd5 11. Qxd5 Nxd5 12. Nc3 0-0-0 13. Be4 Nce7 14. Rd1 g6 15. Bg5 f6 16. Nxd5 fxg5 17. Nxe7+ Bxe7 18. Rd2 Rhe8 19. Rad1 g4 20. f3 Bb4 21. Rd3 Ba5 22. Kf1 Rd6 23. Re3 Kb8 24. Re2 Rf8 25. Rd3 Bb6 26. d5 h5 27. g3 g5 28. Kg2 Rdf6 29. Rc2 a5 30. b3 Re8 31. Re2 Ka7 32. h3 gxh3+ 33. Kxh3 Re5 34. Kg2 Bc5 35. Rdd2 Bb4 36. Bc2 Rxe2+ 37. Rxe2 h4 38. Re6 Rf7 39. Bg6 Rd7 40. Be4 hxg3 41. Kxg3 Bd6+ 42. Kg4 Bf4 1/2-1/2